AoeStats
← alberto735

Arabia

509658304Analyzed
1v1 RM · 5d ago on Sep 27, 2026· 37m 52s· 2 players
Game mode
Random Map
Map size
Tiny (2 player)
Population
200
Speed
Normal
Resources
Standard
Victory
Conquest
Starting age
Dark Age
Ending age
Imperial Age
RankedLock teamsTeams togetherTeam positionsShared explorationLock speedFull tech treeHidden civsTurbo modeCheats
Victory
Defeat
🇹🇼 Wei · Taiwan
1290
+17
🇧🇴 Magyars · Bolivia
1322
-17
GOGOGO
6:32 Loom
9:09 Feudal Age
9:58 Double-Bit Axe
13:27 Horse Collar
15:23 Gold Mining
20:48 Castle Age
20:17 Bloodlines
20:14 Scale Barding Armor
20:20 Forging
21:18 Fletching
21:35 Husbandry
24:06 Bodkin Arrow
27:52 Ballistics
28:35 Chain Barding Armor
alberto735
5:32 Loom
8:57 Feudal Age
9:34 Double-Bit Axe
9:31 Horse Collar
16:09 Wheelbarrow
15:45 Town Watch
19:58 Castle Age
19:29 Bloodlines
19:30 Scale Barding Armor
19:24 Gold Mining
23:51 Chain Barding Armor
25:17 Bow Saw
27:48 Husbandry
28:16 Heavy Plow
32:30 Elite Skirmisher
33:29 Fletching
33:40 Padded Archer Armor
35:18 Bodkin Arrow
35:39 Leather Archer Armor
Connection lost

Rejoining the realm…

Still unreachable

The connection could not be restored.

Session expired

The server has moved on; the page needs a fresh start.